 Dungeon Crawl Stone Soup version 0.25-a0-597-gb30770a0c0 (webtiles) character file.

Game seed: 11156855795788121245, levelgen mode: deterministic

48 An17 the Charlatan (level 3, -5/26 HPs)
             Began as a Demonspawn Artificer on Mar 15, 2020.
             Slain by a gnoll
             ... wielding a +0 spear
              (7 damage)
             ... on level 2 of the Dungeon.
             The game lasted 00:04:55 (1065 turns).

An17 the Charlatan (Demonspawn Artificer)           Turns: 1065, Time: 00:04:56

Health: -5/26      AC:  6    Str: 13    XL:     3   Next: 50%
Magic:  0/6        EV:  9    Int: 12    God:
Gold:   44         SH:  0    Dex: 13    Spells: 2/2 levels left

rFire    . . .     SeeInvis .   a - +1 short sword
rCold    . . .     Gourm    .   (no shield)
rNeg     . . .     Faith    .   g - +0 scale mail
rPois    .         Spirit   +   (no helmet)
rElec    .         Reflect  .   (no cloak)
rCorr    .         Harm     .   (no gloves)
MR       .....                  (no boots)
Stlth    ..........             (no amulet)
HPRegen  0.08/turn              (no ring)
MPRegen  0.10/turn              (no ring)

@: no status effects
A: magic shield
a: no special abilities


You were on level 2 of the Dungeon.
You were hungry.

You visited 1 branch of the dungeon, and saw 2 of its levels.

You collected 44 gold pieces.

Inventory:

Hand Weapons
 a - a +1 short sword (weapon)
Armour
 g - a +0 scale mail (worn)
Wands
 c - a wand of flame (15)
 d - a wand of enslavement (15)
 e - a wand of random effects (14)
Potions
 b - a potion of magic
 h - a potion of curing {unknown}
 i - a potion of mutation
Comestibles
 f - a ration


   Skills:
 + Level 1.2 Fighting
 - Level 0.8 Short Blades
 + Level 0.7 Armour
 + Level 2.1 Dodging
 - Level 0.8 Stealth
 + Level 4.1 Evocations


You had 2 spell levels left.
You didn't know any spells.
Your spell library was empty.

Dungeon Overview and Level Annotations

Branches:
Dungeon (2/15)

Altars:


Innate Abilities, Weirdness & Mutations

When hurt, damage is shared between your health and your magic reserves.


Message History

You see here a hunting sling.
The gnoll hits you with a +0 spear.
* * * LOW HITPOINT WARNING * * *
You see here a hunting sling.
You hit the gnoll.
The gnoll is moderately wounded.
The gnoll hits you with a +0 spear.
* * * LOW HITPOINT WARNING * * *
The hobgoblin closely misses you.
You hit the gnoll.
The gnoll is heavily wounded.
The gnoll hits you but does no damage. The hobgoblin hits you.
* * * LOW HITPOINT WARNING * * *
You barely miss the gnoll.
The gnoll is heavily wounded.
The gnoll closely misses you. The hobgoblin barely misses you.
You hit the gnoll.
The gnoll is severely wounded.
The gnoll hits you with a +0 spear!
You die...

#.# ##...##
#.# ##+## #.#
.# #.# #.#
#.#######.# ##
#........###.#
########..#..#
##...######
##g@g.?..#
#######.... #


You could see a gnoll and a hobgoblin.

Vanquished Creatures
  2 gnolls
  A dart slug (D:2)
  2 bats (D:1)
  3 giant cockroaches
  A goblin (D:1)
  6 hobgoblins (D:1)
  4 jackals (D:1)
  2 kobolds (D:1)
  2 rats (D:1)
23 creatures vanquished.

Notes
Turn   | Place    | Note
-------+----------+-------------------------------------------
     0 | D:1      | An17 the Demonspawn Artificer began the quest for the Orb.
     0 | D:1      | Reached XP level 1. HP: 15/15 MP: 3/3
   162 | D:1      | Gained mutation: When hurt, damage is shared between your
                  | health and your magic reserves. [demonic ancestry]
   162 | D:1      | Reached XP level 2. HP: 15/21 MP: 4/4
   837 | D:2      | Reached skill level 4 in Evocations
   837 | D:2      | Reached XP level 3. HP: 2/26 MP: 1/6
  1065 | D:2      | Slain by a gnoll

Levels and vault maps discovered:
D:1:      scummos_arrival_hexagon, layout_basic, chequers_jeans
D:2:      layout_loops_corners, first_ration, uniq_terence

Skill      XL: |  1  2 |
---------------+-------+-----
Dodging        | 2 |  2.1
Evocations     | 4 |  4.1
Fighting       | |  1.2
Short Blades   | |  0.8
Armour         | |  0.7
Stealth        | |  0.8

Action                   || total
-------------------------++-------
Melee: Short sword       ||   114
Throw: Throwing net      ||     3
Evoke: Wand              ||     1
  Use: Scroll            ||     5
Armor: Scale mail        ||    50
       Leather armour    ||     2
Dodge: Dodged            ||    69

Table legend:
 A = Non-vault XP
 B = Vault XP
 C = Vault XP percentage of total XP
 D = Non-vault monster count
 E = Vault monster count
 F = Vault count percentage of total count
                 A         B        C        D         E       F
            +---------+---------+-------+---------+---------+-------
      Total |      69 |       0 |   0.0 |      23 |       0 |   0.0
            +---------+---------+-------+---------+---------+-------
        D:1 |      49 |       0 |   0.0 |      20 |       0 |   0.0
        D:2 |      20 |       0 |   0.0 |       3 |       0 |   0.0
            +---------+---------+-------+---------+---------+-------
